 Dungeon Crawl Stone Soup version 0.32-a0-928-g1cae6b7ea0 (webtiles) character file.

Game seed: 7475599751757190631

40 kae the Changeling (level 3, -7/26 HPs)
             Began as a Demonspawn Shapeshifter on Apr 12, 2024.
             Killed from afar by Natasha (8 damage)
             ... with a magic dart
             ... on level 2 of the Dungeon.
             The game lasted 00:00:57 (1267 turns).

kae the Changeling (Demonspawn Shapeshifter)        Turns: 1267, Time: 00:00:57

Health: -7/26      AC:  2    Str: 14    XL:     3   Next: 30%
Magic:  3/3        EV: 11    Int: 10    God:
Gold:   121        SH:  0    Dex: 14    Spells: 2/2 levels left

rFire   . .          .
                       - Unarmed
rCold   . . .        (no shield)
rNeg    . . .        a - +0 animal skin
rPois   .            (helmet currently unavailable)
rElec   .            (cloak currently unavailable)
rCorr   .            (gloves currently unavailable)
SInv    .            (boots currently unavailable)
Will    .....        (no amulet)
Stlth   +            (no ring)
HPRegen 0.24/turn    (no ring)
MPRegen 0.08/turn

%: no passive effects
@: beast-form
A: beast (slay +1), hooves 1
a: Begin Untransformation


You were on level 2 of the Dungeon.
You were a hulking beast.
You visited 1 branch of the dungeon, and saw 2 of its levels.

You collected 121 gold pieces.


Innate Abilities, Weirdness & Mutations

You are a hulking beast.
Your limbs bulge with bestial killing power. (Slay +1)
You have large cloven feet.


   Skills:
 - Level 1.0 Fighting
 - Level 1.7 Dodging
 + Level 3.2 Unarmed Combat
 * Level 3.4 Shapeshifting


You had 2 spell levels left.
You didn't know any spells.
Your spell library contained the following spells:

 Spells                   Type           Power      Damage    Failure   Level
 Static Discharge         Conj/Air       0%         3-3/arc   50%         2
 Passwall                 Erth           0%         N/A       75%         3
 Volatile Blastmotes      Fire/Tloc      0%         2d10      75%         3
 Airstrike                Air            0%         2d(0-16)  98%         4
 Summon Lightning Spire   Summ/Air       0%         N/A       98%         4
 Vhi's Electric Charge    Tloc/Air       0%         N/A       98%         4
 Bombard                  Conj/Erth      0%         9d1       100%        6

Inventory:

Missiles
 g - 7 stones (quivered)
Armour
 a - a +0 animal skin (worn)
Talismans
 c - a beast talisman (active)
 d - a flux talisman
Scrolls
 h - 2 scrolls of identify {@r1}
Potions
 b - a potion of lignification {!q}
 e - a potion of ambrosia {unknown}
 i - a potion of degeneration {!q}
 j - a potion of cancellation {unknown}
 k - a potion of haste {unknown}

Dungeon Overview and Level Annotations

Branches:
Dungeon (2/15) Zot: 10736

Altars:
Makhleb

Annotations:
D:2 Natasha

#.#.# #.##.....
#.#.###.#####.# ....
............... .>#
....#########.#....
###.....#####.#h#.#
.............5.5#.#
###.._...####.###.#
.............ยง5##5#######
###.....#####..hh........
......#.### #ยง.##.#######
###.......###..##.# โ€
..............#..#
###...#..........## #
#...#..#.##...## #
#...#..#.##...###
###...............#
...............##.#


You could see Natasha and 2 cerulean imps.


Message History

You see here a +0 dagger.
A kobold comes into view. It is wielding a +0 whip.
The kobold shouts!
The kobold throws a stone.
The stone hits you but does no damage.
A kobold is nearby!
You hit the kobold.
You kill the kobold!
g - 7 stones (gained 2)
You see here a +0 whip.
h - 2 scrolls of identify {@r1} (gained 1)
Found a stone staircase leading up.
No target in view!
No target in view!
Key pressed, stopping explore.
No target in view!
No target in view!
You now have 109 gold pieces (gained 11).
You now have 121 gold pieces (gained 12).
You open the door.
There is an open door here.
Key pressed, stopping explore.
No target in view!
No target in view!
A hobgoblin comes into view.
The hobgoblin hits you. ๐Ÿ˜• HP[-5]
You take 5 damage, and now have 21/26 hp.
A hobgoblin is nearby!
You hit the hobgoblin. The hobgoblin hits you.
You hit the hobgoblin. Your kick misses the hobgoblin.
The hobgoblin barely misses you. ๐Ÿ˜• HP[-1]
You take 1 damage, and now have 20/26 hp.
A hobgoblin is nearby!
You hit the hobgoblin.
You kill the hobgoblin!
No target in view!
Found a burning altar of Makhleb. ๐Ÿ˜Ž HP[+6]
Your hp is fully restored (26).
No target in view!
No target in view!
There is a burning altar of Makhleb here.
Found a stone staircase leading down.
No target in view!
No target in view!
Natasha, Servant of Life and Death comes into view.
Natasha hisses angrily.
Natasha mumbles some strange words.
Unknown command.
You start waiting.
A cerulean imp comes into view. It is wielding a +2 spear.
The cerulean imp closely misses you.
Natasha casts a spell.
The cerulean imp barely misses you.
You hit the cerulean imp. You kick the cerulean imp.
The cerulean imp hits you but does no damage.
You closely miss the cerulean imp. Your kick misses the cerulean imp.
The cerulean imp barely misses you. The cerulean imp closely misses you.
You hit the cerulean imp.
The cerulean imp hits you from afar with a +2 spear.
The cerulean imp hits you with a +2 spear.
Natasha mumbles some strange words.
Natasha shimmers violently. ๐Ÿ˜ฎ HP[-7]
You take 7 damage, and now have 19/26 hp.
MASSIVE DAMAGE!! (PAUSE) Natasha stares at you and mumbles some strange words.
You resist with significant effort. ๐Ÿ˜• HP[+1]
The cerulean imp hits you from afar with a +2 spear.
Natasha closely misses you. ๐Ÿ˜ฎ HP[-1]
You take 1 damage, and now have 19/26 hp.
You hit Natasha. The cerulean imp closely misses you.
The cerulean imp hits you from afar with a +2 spear.
Natasha misses you. ๐Ÿ˜ฎ HP[-1]
You take 1 damage, and now have 18/26 hp.
You barely miss Natasha. The cerulean imp barely misses you.
The cerulean imp hits you from afar with a +2 spear.
Natasha casts a spell. ๐Ÿ˜ฎ HP[-3]
You take 3 damage, and now have 15/26 hp.
You hit Natasha. You kick Natasha, but do no damage.
The cerulean imp disappears in a puff of smoke!
The cerulean imp hits you from afar with a +2 spear.
* * * LOW HITPOINT WARNING * * *
Natasha claws you!
* * * LOW HITPOINT WARNING * * *
๐Ÿ˜ฑ HP[-12]
You take 12 damage, and now have 3/26 hp.
MASSIVE DAMAGE!! (PAUSE)
You barely miss Natasha. You kick Natasha. The cerulean imp barely misses you.
The cerulean imp hits you from afar with a +2 spear.
* * * LOW HITPOINT WARNING * * *
Natasha casts a spell at you. The magic dart hits you!
You die...
Natasha curls up and begins to purr.

Skill      XL: |  1  2 |
---------------+-------+-----
Shapeshifting  | 3 |  3.4
Unarmed Combat | 3 |  3.2
Fighting       | |  1.0
Dodging        | |  1.7

Action                     || total
---------------------------++-------
  Melee: Unarmed           ||    79
         Kick              ||     8
    Use: Scroll            ||     4
   Stab: Sleeping          ||     1
 Armour: Animal skin       ||    53
  Dodge: Dodged            ||    52

Levels and vault maps discovered:
D:1:      amcnicky_arrival_wind_blow, layout_basic
D:2:      layout_basic, basic_altar, uniq_natasha

Notes
Turn   | Place    | Note
-------+----------+-------------------------------------------
     0 | D:1      | kae the Demonspawn Shapeshifter began the quest for the
                  | Orb.
     0 | D:1      | Reached XP level 1. HP: 15/15 MP: 1/1
     0 | D:1      | magus.rc [v1.11.3]
   131 | D:1      | Reached skill level 3 in Shapeshifting
   168 | D:1      | Gained mutation: You have large cloven feet. [demonic
                  | ancestry]
   168 | D:1      | Reached XP level 2. HP: 20/21 MP: 2/2
   530 | D:1      | Reached skill level 3 in Unarmed Combat
   800 | D:2      | HP: 5/21 [adder (1)]
   803 | D:2      | Reached XP level 3. HP: 5/26 MP: 3/3
   957 | D:2      | You pick up a book of Movement and begin reading...
   957 | D:2      | You add the spells Passwall, Volatile Blastmotes, Vhi's
                  | Electric Charge and Bombard to your library.
   982 | D:2      | You pick up a book of Storms and begin reading...
   982 | D:2      | You add the spells Static Discharge, Airstrike and Summon
                  | Lightning Spire to your library.
  1195 | D:2      | Found a burning altar of Makhleb.
  1249 | D:2      | Noticed Natasha
  1266 | D:2      | HP: 3/26 [Natasha (8)]
  1267 | D:2      | HP: 1/26 [cerulean imp/+2 spear[Natasha] (2)]
  1267 | D:2      | Killed from afar by Natasha

Vanquished Creatures
  An adder (D:2)
  5 ball pythons (D:1)
  5 endoplasms
  2 goblins
  2 hobgoblins
  A quokka (D:2)
  4 bats
  2 frilled lizards
  2 kobolds (D:2)
  9 rats
33 creatures vanquished.

Table legend:
 A = Non-vault XP
 B = Vault XP
 C = Vault XP percentage of total XP
 D = Non-vault monster count
 E = Vault monster count
 F = Vault count percentage of total count
                 A         B        C        D         E       F
            +---------+---------+-------+---------+---------+-------
      Total |      58 |       0 |   0.0 |      33 |       0 |   0.0
            +---------+---------+-------+---------+---------+-------
        D:1 |      28 |       0 |   0.0 |      20 |       0 |   0.0
        D:2 |      30 |       0 |   0.0 |      13 |       0 |   0.0
            +---------+---------+-------+---------+---------+-------

Skill      XL: |  1  2 |
---------------+-------+-----
Shapeshifting  | 3 |  3.4
Unarmed Combat | 3 |  3.2
Fighting       | |  1.0
Dodging        | |  1.7

Action                     || total
---------------------------++-------
  Melee: Unarmed           ||    79
         Kick              ||     8
    Use: Scroll            ||     4
   Stab: Sleeping          ||     1
 Armour: Animal skin       ||    53
  Dodge: Dodged            ||    52

Illustrated notes

Table legend:
 A = Kills in this place as a percentage of kills in the entire game.
 B = Kills by you in this place as a percentage of kills by you in the entire game.
 C = Kills by friends in this place as a percentage of kills by friends in the entire game.
 D = Other kills in this place as a percentage of other kills in the entire game.
 E = Experience gained in this place as a percentage of experience gained in the entire game.
 F = Experience gained in this place divided by the number of levels of this place that you have seen.
                   A       B       C       D       E      F
               +-------+-------+-------+-------+-------+----------------------
         Total | 100.0 | 100.0 |   N/A |   N/A | 100.0 |  29.0
       Dungeon | 100.0 | 100.0 |   N/A |   N/A | 100.0 |  29.0
               +-------+-------+-------+-------+-------+----------------------

Table legend: (Time is in decaauts)
 A = Elapsed time spent in this place.
 B = Non-inter-level travel time spent in this place.
 C = Inter-level travel time spent in this place.
 D = Time resting spent in this place.
 E = Time spent auto-exploring this place.
 F = Levels seen in this place.
 G = Mean time per level.
                   A        B        C        D        E       F      G
               +--------+--------+--------+--------+--------+-----+--------+
         Total |   1263 |   1234 |     29 |    103 |    908 |   2 |  631.5 |
       Dungeon |   1263 |   1234 |     29 |    103 |    908 |   2 |  631.5 |
               +--------+--------+--------+--------+--------+-----+--------+

Top non-repeatable levels by time:
     D:1: 694 daAuts
     D:2: 568 daAuts
